 Dungeon Crawl Stone Soup version 0.17.1-1-g73c8601 (webtiles) character file.

66 zercules the Sneak (level 3, -1/16 HPs)
             Began as a Spriggan Enchanter on Dec 23, 2015.
             Slain by a river rat (10 damage)
             ... in a sewer.
             The game lasted 00:12:19 (2583 turns).

zercules the Sneak (Spriggan Enchanter)             Turns: 2583, Time: 00:12:19

Health: -1/16      AC:  4    Str:  5    XL:     3   Next: 96%
Magic:  4/8        EV: 18    Int: 16    God:
Gold:   66         SH:  0    Dex: 16    Spells: 2 memorised, 4 levels left

rFire  . . .     SeeInvis +     a - +1 dagger
rCold  . . .     Clarity  .     b - +1 robe
rNeg   . . .     SustAt   .     (shield restricted)
rPois  .         Gourm    .     (helmet restricted)
rElec  .         Spirit   .     o - +0 cloak
rCorr  .         Warding  .     (gloves unavailable)
rMut   .         Stasis   .     (boots unavailable)
MR     .....                    (no amulet)
Stlth  ++++......               (no ring)
                                (no ring)

@: very slightly contaminated, very quick, not resistant to hostile
enchantments, stealthy
A: unfitting armour, see invisible, herbivore 3, speed 3, slow metabolism 2
a: no special abilities


You were in a sewer.
You were hungry.

You visited 1 branch of the dungeon, and saw 3 of its levels.
You also visited: Sewer.

You collected 66 gold pieces.

Inventory:

Hand Weapons
 a - a +1 dagger (weapon)
 f - a +0 short sword
 k - a +0 dagger
Missiles
 g - 26 arrows
 h - 62 stones (quivered)
 t - 2 tomahawks
Armour
 b - a +1 robe (worn)
 o - a +0 cloak (worn)
Scrolls
 e - a scroll of blinking
 j - a scroll of immolation {unknown}
 m - a scroll of amnesia {unknown}
 n - a scroll of fog {unknown}
 r - a scroll of magic mapping {unknown}
 u - a scroll of random uselessness {unknown}
Potions
 l - a potion of haste {unknown}
 p - a potion of flight {unknown}
 q - a potion of brilliance {unknown}
Books
 c - a book of Maledictions

   Spells                             Type                      Level
   a - Corona                         Hexes                        1
   b - Ensorcelled Hibernation        Hexes/Ice                    2
   c - Confuse                        Hexes                        3
   d - Tukima's Dance                 Hexes                        3
   e - Dazzling Spray                 Conjuration/Hexes            3
Comestibles
 d - 3 bread rations


   Skills:
 + Level 3.1 Short Blades
 - Level 3.0 Dodging
 + Level 6.1 Stealth
 - Level 2.6 Spellcasting
 - Level 3.6 Hexes


You had 4 spell levels left.
You knew the following spells:

 Your Spells              Type           Power        Failure   Level  Hunger
a - Corona                Hex            ##.....      6%          1    #......
b - Ensorcelled Hibernat  Hex/Ice        #.....       17%         2    ##.....


Dungeon Overview and Level Annotations

Branches:
Dungeon (3/15)

Altars:

Annotations:
D:2 Jessica


Innate Abilities, Weirdness & Mutations

You are tiny and cannot use many weapons and most armour.
You have supernaturally acute eyesight.
You are a herbivore.
You cover ground extremely quickly.
You need consume almost no food.


Message History

You hit the river rat but do no damage. The river rat misses you.
Your unstable footing causes you to fumble your attack.
You barely miss the river rat. The river rat closely misses you.
You hit the river rat.
The river rat is lightly wounded.
The river rat bites you.
You hit the river rat but do no damage.
The river rat is lightly wounded.
The river rat bites you.
You hit the river rat but do no damage.
The river rat is lightly wounded.
The river rat stops glowing.
The river rat barely misses you.
You hit the river rat but do no damage.
The river rat is lightly wounded.
The river rat barely misses you.
You hit the river rat.
The river rat is moderately wounded.
The river rat bites you!
Ouch! That really hurt!
You die...

###################
###.≈≈≈≈≈≈≈≈≈≈≈≈≈≈≈≈≈
##...≈≈≈≈≈≈≈≈≈≈≈≈≈≈≈≈≈
##....≈≈≈≈≈≈≈≈≈≈≈≈≈≈≈≈≈
#.....@r≈≈≈≈≈≈≈≈≈≈≈≈≈≈≈
##.....≈≈≈≈≈≈≈≈≈≈≈≈≈≈≈≈≈
#.......≈≈≈≈≈≈≈≈≈≈≈≈≈≈≈≈
#.....##################
##....## #†....# #....##
#....## #.....#


You could see a river rat.

Vanquished Creatures
  A river rat (Sewer)
  2 adders
  A worm (D:2)
  An orc (D:3)
  3 bats
  A giant cockroach (D:1)
  5 goblins
  4 jackals (D:1)
  8 kobolds
  A ball python (Sewer)
  A giant newt (D:1)
  12 rats
40 creatures vanquished.

Notes
Turn   | Place    | Note
--------------------------------------------------------------
     0 | D:1      | zercules the Spriggan Enchanter began the quest for the Orb.
     0 | D:1      | Reached XP level 1. HP: 9/9 MP: 5/5
   199 | D:1      | Reached skill level 5 in Stealth
   199 | D:1      | Reached XP level 2. HP: 11/13 MP: 4/6
   318 | D:1      | Learned a level 2 spell: Ensorcelled Hibernation
  1136 | D:1      | You fall through a shaft!
  1139 | D:2      | Reached XP level 3. HP: 16/16 MP: 8/8
  1338 | D:2      | Noticed Jessica
  1376 | D:3      | Found a faded altar to an unknown god.
  1608 | D:3      | Found a glowing drain.
  1617 | Sewer    | Entered a sewer
  2213 | Sewer    | Reached skill level 6 in Stealth
  2583 | Sewer    | Slain by a river rat

Action                   || total
-------------------------++-------
Melee: Dagger            ||   159
 Fire: Hunting sling     ||     3
 Cast: Corona            ||    17
       Ensorcelled Hiber ||    13
  Use: Scroll            ||     2
 Stab: Sleeping          ||    12
